 Dungeon Crawl Stone Soup version 0.30.1-4-g462c640d31 (webtiles) character file.

Game seed: 7500924114892961276

186 kingsuperguy the Chopper (level 5, -1/54 HPs)
             Began as an Ogre Gladiator on Aug 28, 2023.
             Constricted to death by Pikel (7 damage)
             ... on level 4 of the Dungeon.
             The game lasted 00:07:45 (3061 turns).

kingsuperguy the Chopper (Ogre Gladiator)           Turns: 3061, Time: 00:07:46

Health: -1/54      AC:  3    Str: 26    XL:     5   Next: 66%
Magic:  5/5        EV: 12    Int:  9    God:
Gold:   148        SH:  0    Dex: 10    Spells: 4/4 levels left

rFire   . . .        a - +0 war axe (protect)
rCold   . . .        (no shield)
rNeg    . . .        b - +0 robe
rPois   .            c - +0 hat
rElec   .            (no cloak)
rCorr   .            (gloves unavailable)
SInv    .            (boots unavailable)
Will    .....        (no amulet)
Stlth   +            h - +6 ring of strength
HPRegen 0.29/turn    l - +5 ring of evasion
MPRegen 0.09/turn

%: no passive effects
@: grasped by roots, constricted
A: large, unfitting armour, tough skin 1
a: no special abilities


You were on level 4 of the Dungeon.
You visited 1 branch of the dungeon, and saw 5 of its levels.

You collected 218 gold pieces.
You spent 70 gold pieces at shops.

Inventory:

Hand Weapons
 a - a +0 war axe of protection (weapon)
Missiles
 d - 8 throwing nets (quivered)
 e - a large rock
Armour
 b - a +0 robe (worn)
 c - a +0 hat (worn)
 o - a +1 ring mail of poison resistance
Jewellery
 h - a +6 ring of strength (left hand)
 l - a +5 ring of evasion (right hand)
 q - a ring of protection from fire
 s - an amulet of faith
Scrolls
 j - 2 scrolls of poison
 k - a scroll of fog {unknown}
Potions
 f - a potion of attraction {unknown}
 i - a potion of heal wounds
 m - 4 potions of curing
 n - a potion of magic {unknown}
 p - a potion of cancellation {unknown}
 r - a potion of degeneration {unknown}
 u - a potion of lignification {unknown}


   Skills:
 + Level 4.2 Fighting
 + Level 4.6 Axes
 + Level 2.1 Throwing
 + Level 3.7 Dodging
 + Level 0.2 Stealth


You had 4 spell levels left.
You didn't know any spells.
Your spell library contained the following spells:

 Spells                   Type           Power      Damage    Failure   Level
 Magic Dart               Conj           0%         1d3       38%         1
 Searing Ray              Conj           0%         2d4       52%         2
 Dazzling Flash           Conj/Hex       0%         N/A       77%         3
 Volatile Blastmotes      Fire/Tloc      0%         2d10      77%         3
 Fulminant Prism          Conj/Hex       0%         3d5       99%         4
 Iskenderun's Mystic Bla  Conj/Tloc      0%         2d3       99%         4
 Starburst                Conj/Fire      0%         6d3       100%        6


Dungeon Overview and Level Annotations

Branches:
Dungeon (5/15)
 Temple: D:4-7

Altars:

Shops:
D:1 *

Annotations:
D:3 2 transporters
D:4 Pikel


Innate Abilities, Weirdness & Mutations

You are too large for most types of armour.
You have tough skin. (AC +1)


Message History

Found 17 gold pieces.
There is a stone staircase leading down here.
You climb downwards.
Found an escape hatch in the floor.
There is a stone staircase leading up here.
There is an escape hatch in the floor here.
A centaur comes into view.
The centaur shouts!
A hound comes into view.
The centaur wields a +0 shortbow.
The centaur shoots an arrow.
The arrow completely misses you.
The centaur shoots an arrow.
The arrow hits you!
The centaur shoots an arrow.
The arrow closely misses you.
You hear a bark!
The centaur shoots an arrow.
The arrow hits you!
The centaur shoots an arrow.
The arrow hits you.
The centaur shoots an arrow.
The arrow closely misses you.
The centaur shoots an arrow.
The arrow barely misses you.
The centaur shoots an arrow.
The arrow hits you!
The centaur shoots an arrow.
The arrow hits you!
* * * LOW HITPOINT WARNING * * *
You feel much better.
The centaur shoots an arrow.
The arrow barely misses you.
The centaur shoots an arrow.
The arrow hits you.
The centaur shoots an arrow.
The arrow hits you!
The centaur shoots an arrow.
The arrow closely misses you.
The centaur shoots an arrow.
The arrow misses you.
The centaur shoots an arrow.
The arrow hits you!
The centaur shoots an arrow.
The arrow hits you.
* * * LOW HITPOINT WARNING * * *
There is a stone staircase leading up here.
You can't go down here!
You climb upwards.
Level annotation: Pikel Pikel shouts!
Pikel zaps a wand.
The roots erupt in riotous growth!
The grasping roots grab you! The grasping roots constrict you!
* * * LOW HITPOINT WARNING * * *
The grasping roots constrict you!
You die...

.#######.#.##
..............#
..............#
.............###
#...............
#............###
#...............
#.......<....#
#.@....K.....#
#..........).#
####....######
#....# #....#
#....# #....#
#....# #....#


You could see Pikel.

Vanquished Creatures
  2 lemures
  An orc wizard (D:4)
  5 gnolls
  3 adders
  3 worms (D:2)
  3 dart slugs
  6 orcs
  9 endoplasms
  2 giant cockroaches (D:1)
  3 hobgoblins
  4 jackals (D:1)
  3 quokkas
  5 ball pythons
  7 bats
  6 frilled lizards
  3 goblins (D:1)
  2 kobolds
  7 rats
74 creatures vanquished.

Notes
Turn   | Place    | Note
-------+----------+-------------------------------------------
     0 | D:1      | kingsuperguy the Ogre Gladiator began the quest for the
                  | Orb.
     0 | D:1      | Reached XP level 1. HP: 22/22 MP: 1/1
   112 | D:1      | Reached XP level 2. HP: 29/29 MP: 2/2
   457 | D:1      | Reached XP level 3. HP: 37/37 MP: 3/3
   752 | D:1      | Found Yhuifaull's General Store.
   755 | D:1      | Bought a scroll of identify for 20 gold pieces
   755 | D:1      | Bought a scroll of teleportation for 30 gold pieces
   755 | D:1      | Bought a scroll of identify for 20 gold pieces
   902 | D:2      | Reached XP level 4. HP: 48/48 MP: 4/4
  1324 | D:2      | Identified the orb "Athriseck" {guile, Dex+5}
  1595 | D:3      | Found a transporter.
  1605 | D:3      | Found a transporter.
  1740 | D:3      | Reached XP level 5. HP: 51/54 MP: 5/5
  2380 | D:4      | Noticed a lemure
  2380 | D:4      | Noticed a lemure
  2380 | D:4      | Noticed a lemure
  2470 | D:3      | Killed a lemure
  2565 | D:4      | Killed a lemure
  2681 | D:4      | Noticed Pikel
  2684 | D:4      | Noticed a lemure
  2871 | D:4      | Noticed a centaur
  3002 | D:5      | Entered Level 5 of the Dungeon
  3033 | D:5      | Noticed a centaur
  3061 | D:4      | Constricted to death by Pikel

Illustrated notes

Levels and vault maps discovered:
D:1:      mrwooster_arrival_statue_3, layout_rooms, serial_shops,
          nicolae_shop_pleasant_corner_grove,
          wander_ebering_terrifying_dragon_lair
D:2:      layout_basic
D:3:      gammafunk_steamed_eel, layout_loops_ring, eino_tiny_chamber
D:4:      kennysheep_spiral_hall, layout_basic, uniq_pikel, uniq_eustachio
D:5:      layout_loops_ring, minmay_shop_damaged, nzn_random_ring

Skill      XL: |  1  2  3  4  5 |
---------------+----------------+-----
Dodging        | 3 |  3.7
Fighting       | 3 4 |  4.2
Axes           | 4 |  4.6
Throwing       | |  2.1
Stealth        | |  0.2

Action                     |  1- 3 |  4- 6 || total
---------------------------+-------+-------++-------
  Melee: War axe           |   104 |   120 ||   224
    Use: Scroll            |     4 |     2 ||     6
         Potion            |       |     4 ||     4
   Stab: Distracted        |     1 |       ||     1
 Armour: Robe              |    45 |    37 ||    82
  Dodge: Dodged            |    72 |   120 ||   192
